3L
LAS VEGAS FLAMINGOS @ HARTFORD WHALERS
08/29/2024
 
TOP OF THE 1ST
Las Vegas Flamingos batting - Pitching for Hartford Whalers : RHP Fernando Peralta
Pitching: RHP Fernando Peralta
Batting: RHB Sake van Arem 0-0: Ball
1-0: Ball
2-0: Called Strike
2-1: Fly out, F8 (Flyball, 89M)
Batting: SHB Kunimichi Chikafuji 0-0: Ball
1-0: SINGLE (Line Drive, 89S)
Batting: LHB Victor Adams 0-0: Ball
1-0: Called Strike
1-1: Swinging Strike
1-2: Strikes out swinging
Batting: LHB Chris McKinney 0-0: Called Strike
0-1: Ball
1-1: Ball
2-1: Foul Ball, location: 2F
2-2: Fly out, F4 (Line Drive, 4)
Top of the 1st over - 0 run(s), 1 hit(s), 0 error(s), 1 left on base; Las Vegas 0 - Hartford 0
BOTTOM OF THE 1ST
Hartford Whalers batting - Pitching for Las Vegas Flamingos : RHP Cris Herrera
Pitching: RHP Cris Herrera
Batting: RHB Dave Farr 0-0: Ground out 1-3 (Groundball, 13)
Batting: SHB Virgil Eberle 0-0: Foul Ball, location: 2F
0-1: Ball
1-1: Ball
2-1: Foul Ball, location: 2F
2-2: Foul Ball, location: 2F
2-2: Foul Ball, location: 2F
2-2: Foul Ball, location: 2F
2-2: Ball
3-2: Foul Ball, location: 2F
3-2: Base on Balls
Batting: LHB Keith Spear 0-0: Called Strike
0-1: Ground out U3 (Groundball, 3S)
Virgil Eberle to second
Batting: SHB Al Anderson 0-0: Foul Ball, location: 2F
0-1: Foul Ball, location: 2F
0-2: Foul Ball, location: 2F
0-2: Foul Ball, location: 2F
0-2: Ball
1-2: Strikes out swinging
Bottom of the 1st over - 0 run(s), 0 hit(s), 0 error(s), 1 left on base; Las Vegas 0 - Hartford 0
TOP OF THE 2ND
Las Vegas Flamingos batting - Pitching for Hartford Whalers : RHP Fernando Peralta
Batting: RHB John Aston 0-0: Ground out 4-3 (Groundball, 4)
Batting: LHB Jake Shelton 0-0: Ball
1-0: Called Strike
1-1: Foul Ball, location: 2F
1-2: Foul Ball, location: 2F
1-2: Ball
2-2: Ball
3-2: Fly out, F7 (Popup, 5D)
Batting: RHB Ángel López 0-0: Called Strike
0-1: Ball
1-1: Foul Ball, location: 2F
1-2: SINGLE (Line Drive, 8LS)
Batting: RHB Terry Sylvester 0-0: SINGLE (Groundball, 56D)
Ángel López to second
Batting: LHB Sinclair van Kooten 0-0: Called Strike
0-1: Foul Ball, location: 2F
0-2: Strikes out swinging
Top of the 2nd over - 0 run(s), 2 hit(s), 0 error(s), 2 left on base; Las Vegas 0 - Hartford 0
BOTTOM OF THE 2ND
Hartford Whalers batting - Pitching for Las Vegas Flamingos : RHP Cris Herrera
Batting: LHB Ray Merrill 0-0: Ball
1-0: Foul Ball, location: 2F
1-1: Fly out, F7 (Flyball, 7LM)
Batting: RHB Joe Craig 0-0: Ball
1-0: Ball
2-0: Swinging Strike
2-1: Foul Ball, location: 2F
2-2: Ball
3-2: Strikes out swinging
Batting: RHB Tommy Stanley 0-0: SINGLE (Groundball, 13) (infield hit)
Batting: RHB Juan Tapia 0-0: Ball
1-0: SINGLE (Groundball, 6MD)
Tommy Stanley to second
Batting: RHB Jorge Rivera 0-0: Ground out 1-3 (Groundball, 13S)
Bottom of the 2nd over - 0 run(s), 2 hit(s), 0 error(s), 2 left on base; Las Vegas 0 - Hartford 0
TOP OF THE 3RD
Las Vegas Flamingos batting - Pitching for Hartford Whalers : RHP Fernando Peralta
Batting: RHB Sake van Arem 0-0: Ball
1-0: Foul Ball, location: 2F
1-1: Foul Ball, location: 2F
1-2: Foul Ball, location: 2F
1-2: Fly out, F7 (Flyball, 78M)
Batting: SHB Kunimichi Chikafuji 0-0: Called Strike
0-1: Ball
1-1: Ball
2-1: Ball
3-1: Foul Ball, location: 2F
3-2: Foul Ball, location: 2F
3-2: Base on Balls
Batting: LHB Victor Adams 0-0: Ball
1-0: Grounds into double play, 1-4-3 (Groundball, 13)
Top of the 3rd over - 0 run(s), 0 hit(s), 0 error(s), 0 left on base; Las Vegas 0 - Hartford 0
BOTTOM OF THE 3RD
Hartford Whalers batting - Pitching for Las Vegas Flamingos : RHP Cris Herrera
Batting: RHB Dave Farr 0-0: Called Strike
0-1: Foul Ball, location: 2F
0-2: Strikes out swinging
Batting: SHB Virgil Eberle 0-0: Foul Ball, location: 2F
0-1: Ball
1-1: Ball
2-1: Called Strike
2-2: Foul Ball, location: 2F
2-2: Ball
3-2: Fly out, F7 (Flyball, 78M)
Batting: LHB Keith Spear 0-0: Ball
1-0: Called Strike
1-1: Called Strike
1-2: Ball
2-2: Ball
3-2: Foul Ball, location: 2F
3-2: Base on Balls
Batting: SHB Al Anderson 0-0: Called Strike
0-1: Foul Ball, location: 2F
0-2: Ball
1-2: Ball
Wild Pitch!
Keith Spear to second
2-2: 2-RUN HOME RUN (Flyball, 9D), Distance : 387 ft
Batting: LHB Ray Merrill 0-0: Ball
1-0: Foul Ball, location: 2F
1-1: Foul Ball, location: 2F
1-2: Fly out, F3 (Line Drive, 3L)
Bottom of the 3rd over - 2 run(s), 1 hit(s), 0 error(s), 0 left on base; Las Vegas 0 - Hartford 2
TOP OF THE 4TH
Las Vegas Flamingos batting - Pitching for Hartford Whalers : RHP Fernando Peralta
Batting: LHB Chris McKinney 0-0: Ball
1-0: Ball
2-0: Called Strike
2-1: Ball
3-1: Base on Balls
Batting: RHB John Aston 0-0: Called Strike
0-1: Ball
1-1: Foul Ball, location: 2F
1-2: Strikes out swinging
Batting: LHB Jake Shelton 0-0: Ball
1-0: Ball
2-0: SINGLE (Groundball, 34D)
Chris McKinney to second
Runner from 2nd tries for 3rd, OUT!
Jake Shelton to second
Batting: RHB Ángel López 0-0: Ball
1-0: Ball
2-0: Called Strike
2-1: Ball
3-1: Fly out, F8 (Flyball, 8LM)
Top of the 4th over - 0 run(s), 1 hit(s), 0 error(s), 1 left on base; Las Vegas 0 - Hartford 2
BOTTOM OF THE 4TH
Hartford Whalers batting - Pitching for Las Vegas Flamingos : RHP Cris Herrera
Batting: RHB Joe Craig 0-0: Ball
1-0: Foul Ball, location: 2F
1-1: Ball
2-1: Foul Ball, location: 2F
2-2: Ball
3-2: Foul Ball, location: 2F
3-2: Ground out 4-3 (Groundball, 4)
Batting: RHB Tommy Stanley 0-0: Ball
1-0: Foul Ball, location: 2F
1-1: SINGLE (Groundball, 56)
Batting: RHB Juan Tapia 0-0: Ball
1-0: Swinging Strike
1-1: Ball
2-1: Ball
3-1: SINGLE (Groundball, 5L)
Tommy Stanley to second
Batting: RHB Jorge Rivera 0-0: Foul Ball, location: 2F
0-1: Ball
1-1: Ball
2-1: Ball
3-1: Foul Ball, location: 2F
3-2: Base on Balls
Tommy Stanley to third
Juan Tapia to second
Batting: RHB Dave Farr 0-0: Ball
1-0: Ball
2-0: Ball
3-0: Called Strike
3-1: Base on Balls
Tommy Stanley scores
Juan Tapia to third
Jorge Rivera to second
Batting: SHB Virgil Eberle 0-0: Swinging Strike
0-1: Foul Ball, location: 2F
0-2: Ball
1-2: Ball
2-2: Grounds into fielders choice 1-2 (Groundball, 13S)
Jorge Rivera to third
Dave Farr to second
Batting: LHB Keith Spear 0-0: Fly out, F8 (Flyball, 8LXD)
Bottom of the 4th over - 1 run(s), 2 hit(s), 0 error(s), 3 left on base; Las Vegas 0 - Hartford 3
TOP OF THE 5TH
Las Vegas Flamingos batting - Pitching for Hartford Whalers : RHP Fernando Peralta
Batting: RHB Terry Sylvester 0-0: Called Strike
0-1: Swinging Strike
0-2: Ball
1-2: Ball
2-2: Strikes out swinging
Batting: LHB Sinclair van Kooten 0-0: Ball
1-0: Called Strike
1-1: Ball
2-1: Swinging Strike
2-2: Foul Ball, location: 2F
2-2: Foul Ball, location: 2F
2-2: Foul Ball, location: 2F
2-2: Ball
3-2: Reached on error, E5 (Groundball, 6S)
Batting: RHB Sake van Arem 0-0: Ground out 5-3 (Groundball, 56)
Batting: SHB Kunimichi Chikafuji 0-0: Called Strike
0-1: Fly out, F7 (Flyball, 7LS)
Top of the 5th over - 0 run(s), 0 hit(s), 1 error(s), 1 left on base; Las Vegas 0 - Hartford 3
BOTTOM OF THE 5TH
Hartford Whalers batting - Pitching for Las Vegas Flamingos : RHP Cris Herrera
Batting: SHB Al Anderson 0-0: Ball
1-0: Ball
2-0: Called Strike
2-1: Ball
3-1: Foul Ball, location: 2F
3-2: Base on Balls
Batting: LHB Ray Merrill 0-0: Called Strike
0-1: Foul Ball, location: 2F
0-2: Fly out, F8 (Popup, 8LS)
Batting: RHB Joe Craig 0-0: Ball
1-0: Called Strike
1-1: Fielders Choice at 2nd, 4-6 (Groundball, 4)
Pitching: RHP Nick Taylor
Batting: RHB Tommy Stanley 0-0: Called Strike
0-1: Foul Ball, location: 2F
0-2: Strikes out looking
Bottom of the 5th over - 0 run(s), 0 hit(s), 0 error(s), 1 left on base; Las Vegas 0 - Hartford 3
TOP OF THE 6TH
Las Vegas Flamingos batting - Pitching for Hartford Whalers : RHP Fernando Peralta
Batting: LHB Victor Adams 0-0: Called Strike
0-1: SINGLE (Line Drive, 34D)
Batting: LHB Chris McKinney 0-0: Ball
1-0: Called Strike
1-1: Foul Ball, location: 2F
1-2: Foul Ball, location: 2F
1-2: Ball
2-2: Ball
3-2: Reached on Error, E3 (Popup, 13S)
Victor Adams to second
Batting: RHB John Aston 0-0: Called Strike
0-1: Called Strike
0-2: DOUBLE (Line Drive, 78D)
Victor Adams scores
Chris McKinney to third
Batting: LHB Jake Shelton 0-0: Swinging Strike
0-1: Ball
1-1: Ball
2-1: Foul Ball, location: 2F
2-2: Fly out, F8 (Flyball, 8RD)
Runner from 3rd tags up, SCORES, no throw
Batting: RHB Ángel López 0-0: Swinging Strike
0-1: Swinging Strike
0-2: Foul Ball, location: 2F
0-2: Ball
1-2: Foul Ball, location: 2F
1-2: Ball
2-2: Foul Ball, location: 2F
2-2: Ball
3-2: Base on Balls
Batting: RHB Terry Sylvester 0-0: Fielders Choice at 2nd, 5-4 (Groundball, 56)
John Aston to third
Now at 2B: Harris Harden
Batting: LHB Sinclair van Kooten 0-0: Called Strike
0-1: Ball
1-1: Foul Ball, location: 2F
1-2: SINGLE (Line Drive, 6MD)
John Aston scores
Terry Sylvester to second
Pitching: RHP Ryoichi Maruyama
Batting: RHB Sake van Arem 0-0: Ball
1-0: Ground out 6-3 (Groundball, 6)
Top of the 6th over - 3 run(s), 3 hit(s), 1 error(s), 2 left on base; Las Vegas 3 - Hartford 3
BOTTOM OF THE 6TH
Hartford Whalers batting - Pitching for Las Vegas Flamingos : RHP Nick Taylor
Batting: RHB Juan Tapia 0-0: Fly out, F4 (Popup, 4D)
Batting: RHB Jorge Rivera 0-0: Ball
1-0: Foul Ball, location: 2F
1-1: Foul Ball, location: 2F
1-2: Foul Ball, location: 2F
1-2: Ball
2-2: Ball
3-2: Foul Ball, location: 2F
3-2: Fly out, F3 (Popup, 3SF)
Batting: RHB Dave Farr 0-0: TRIPLE (Flyball, 9LM)
Batting: SHB Virgil Eberle 0-0: Ball
Wild Pitch!
Dave Farr scores
1-0: Foul Ball, location: 2F
1-1: Fly out, F8 (Flyball, 78D)
Bottom of the 6th over - 1 run(s), 1 hit(s), 0 error(s), 0 left on base; Las Vegas 3 - Hartford 4
TOP OF THE 7TH
Las Vegas Flamingos batting - Pitching for Hartford Whalers : RHP Ryoichi Maruyama
Batting: SHB Kunimichi Chikafuji 0-0: Ball
1-0: Ball
2-0: Called Strike
2-1: Foul Ball, location: 2F
2-2: Ball
3-2: SINGLE (Line Drive, 34)
Batting: LHB Victor Adams 0-0: Foul Ball, location: 2F
0-1: Ball
Kunimichi Chikafuji is caught stealing 2nd base
1-1: DOUBLE (Groundball, 3L)
Batting: LHB Chris McKinney 0-0: Ball
1-0: Ball
2-0: Ball
3-0: Called Strike
3-1: Base on Balls
Pinch Runner at 2nd Wilbert Carter:
Batting: RHB John Aston 0-0: Foul Ball, location: 2F
0-1: Called Strike
0-2: Ball
1-2: Ball
2-2: Ball
3-2: Base on Balls
Wilbert Carter to third
Chris McKinney to second
Batting: LHB Jake Shelton 0-0: Foul Ball, location: 2F
0-1: Ball
1-1: Grounds into double play, 4-6-3 (Groundball, 34)
Top of the 7th over - 0 run(s), 2 hit(s), 0 error(s), 2 left on base; Las Vegas 3 - Hartford 4
BOTTOM OF THE 7TH
Hartford Whalers batting - Pitching for Las Vegas Flamingos : RHP Nick Taylor
Batting: LHB Keith Spear 0-0: Ball
1-0: Ball
2-0: Ball
3-0: Called Strike
3-1: Ground out 4-3 (Groundball, 4)
Batting: SHB Al Anderson 0-0: Foul Ball, location: 2F
0-1: Ball
1-1: Ball
2-1: Ball
3-1: Base on Balls
Batting: LHB Ray Merrill 0-0: Fly out, F6 (Line Drive, 6M)
Batting: RHB Harris Harden 0-0: Foul Ball, location: 2F
0-1: Swinging Strike
0-2: Ball
1-2: Ball
2-2: Strikes out swinging
Bottom of the 7th over - 0 run(s), 0 hit(s), 0 error(s), 1 left on base; Las Vegas 3 - Hartford 4
TOP OF THE 8TH
Las Vegas Flamingos batting - Pitching for Hartford Whalers : RHP Ryoichi Maruyama
Batting: RHB Ángel López 0-0: Fly out, F9 (Flyball, 89M)
Batting: RHB Terry Sylvester 0-0: Called Strike
0-1: Ball
1-1: Called Strike
1-2: Strikes out looking
Pitching: RHP Jim Washington
Batting: LHB Sinclair van Kooten 0-0: Called Strike
0-1: SOLO HOME RUN (Flyball, 8LD), Distance : 431 ft
Batting: RHB Sake van Arem 0-0: Called Strike
0-1: Swinging Strike
0-2: Foul Ball, location: 2F
0-2: Foul Ball, location: 2F
0-2: Foul Ball, location: 2F
0-2: Ball
1-2: Ball
2-2: Strikes out swinging
Top of the 8th over - 1 run(s), 1 hit(s), 0 error(s), 0 left on base; Las Vegas 4 - Hartford 4
BOTTOM OF THE 8TH
Hartford Whalers batting - Pitching for Las Vegas Flamingos : RHP Nick Taylor
Batting: RHB Tommy Stanley 0-0: Ball
1-0: Foul Ball, location: 2F
1-1: Swinging Strike
1-2: Ball
2-2: Ball
3-2: Base on Balls
Batting: RHB Juan Tapia 0-0: Ball
1-0: Ball
2-0: Called Strike
2-1: Ball
3-1: Foul Ball, location: 2F
3-2: Base on Balls
Tommy Stanley to second
Batting: RHB Jorge Rivera 0-0: Bunt missed!
0-1: Ball
1-1: Bunted foul
1-2: Ball
2-2: Foul Ball, location: 2F
2-2: Ball
3-2: Base on Balls
Tommy Stanley to third
Juan Tapia to second
Pitching: RHP Ron Yarbrough
Pinch Hitting: RHB Román Centena 0-0: Fly out, F4 (Popup, 34)
Batting: SHB Virgil Eberle 0-0: Ball
1-0: Foul Ball, location: 2F
1-1: Foul Ball, location: 2F
1-2: Strikes out swinging
Batting: LHB Keith Spear 0-0: Fly out, F3 (Popup, 4)
Bottom of the 8th over - 0 run(s), 0 hit(s), 0 error(s), 3 left on base; Las Vegas 4 - Hartford 4
TOP OF THE 9TH
Las Vegas Flamingos batting - Pitching for Hartford Whalers : RHP Jim Washington
Pitching: RHP Johnny Allen
Now at 3B: Henry Jones
Pinch Hitting: LHB Sixto Álvarez 0-0: Ball
1-0: SINGLE (Line Drive, 4MD)
Batting: SHB Wilbert Carter 0-0: Ball
1-0: Ball
2-0: Called Strike
2-1: Ball
3-1: Foul Ball, location: 2F
3-2: Base on Balls
Sixto Álvarez to second
Batting: LHB Chris McKinney 0-0: Ball
1-0: Ball
2-0: Foul Ball, location: 2F
2-1: Foul Ball, location: 2F
2-2: Foul Ball, location: 2F
2-2: DOUBLE (Groundball, 5L)
Sixto Álvarez scores
Wilbert Carter to third
Batting: RHB John Aston 0-0: Fly out, F5 (Popup, 5F)
Batting: LHB Jake Shelton 0-0: Intentional Walk
Pinch Hitting: RHB Jeff Young 0-0: Called Strike
0-1: Ball
Wild Pitch!
Wilbert Carter scores
Chris McKinney to third
Jake Shelton to second
1-1: Intentional Walk
Batting: RHB Terry Sylvester 0-0: Ball
1-0: Foul Ball, location: 2F
1-1: Ball
2-1: Ball
3-1: SINGLE (Groundball, 6M)
Chris McKinney scores
Jake Shelton to third
Jeff Young to second
Runner from 3rd tries for Home, SAFE, throw made home
Jeff Young to third
Terry Sylvester to second
Pitching: LHP Dale Stevens
Batting: LHB Sinclair van Kooten 0-0: Called Strike
0-1: Foul Ball, location: 2F
0-2: Ball
1-2: Ball
2-2: Foul Ball, location: 2F
2-2: Ball
3-2: Strikes out swinging
Batting: RHB Sake van Arem 0-0: Foul Ball, location: 2F
0-1: Ground out 1-3 (Groundball, 13S)
Top of the 9th over - 4 run(s), 3 hit(s), 0 error(s), 2 left on base; Las Vegas 8 - Hartford 4
BOTTOM OF THE 9TH
Hartford Whalers batting - Pitching for Las Vegas Flamingos : RHP Ron Yarbrough
Now at SS: Jeff Young
Now in CF: José Meléndez
Batting: SHB Al Anderson 0-0: Ball
1-0: Ball
2-0: Ball
3-0: Base on Balls
Batting: LHB Ray Merrill 0-0: Called Strike
0-1: Ball
1-1: Swinging Strike
1-2: Foul Ball, location: 2F
1-2: SINGLE (Groundball, 34D)
Al Anderson to second
Runner from 2nd tries for 3rd, SAFE, throw made to third
Pitching: RHP Alfredo Martínez
Batting: RHB Harris Harden 0-0: Ball
1-0: Ball
2-0: Ball
3-0: Called Strike
3-1: Base on Balls
Ray Merrill to second
Batting: RHB Tommy Stanley 0-0: Ball
1-0: Foul Ball, location: 2F
1-1: Foul Ball, location: 2F
1-2: Fly out, F7 (Flyball, 7M)
Runner from 3rd tags up, SCORES, throw made
Batting: RHB Juan Tapia 0-0: 3-RUN HOME RUN (Flyball, 7D), Distance : 368 ft
Pitching: RHP Enrique García
Batting: RHB Jorge Rivera 0-0: Fly out, F8 (Flyball, 8LM)
Batting: RHB Henry Jones 0-0: Ball
1-0: Ball
2-0: Ball
3-0: Called Strike
3-1: Swinging Strike
3-2: Reached on error, E4 (Groundball, 34)
Batting: SHB Virgil Eberle 0-0: Swinging Strike
0-1: Swinging Strike
0-2: Foul Ball, location: 2F
0-2: Foul Ball, location: 2F
0-2: SINGLE (Line Drive, 56D)
Henry Jones to second
Batting: LHB Keith Spear 0-0: Fly out, F9 (Line Drive, 89M)
Bottom of the 9th over - 4 run(s), 3 hit(s), 1 error(s), 2 left on base; Las Vegas 8 - Hartford 8
TOP OF THE 10TH
Las Vegas Flamingos batting - Pitching for Hartford Whalers : LHP Dale Stevens
Pitching: RHP Miguel González
Batting: LHB José Meléndez 0-0: Ball
1-0: Ball
2-0: Swinging Strike
2-1: Foul Ball, location: 2F
2-2: Foul Ball, location: 2F
2-2: Ball
3-2: Base on Balls
Batting: SHB Wilbert Carter 0-0: Swinging Strike
0-1: Ball
1-1: Fly out, F8 (Flyball, 8LS)
Batting: LHB Chris McKinney Pickoff Throw to First - Error! E1
José Meléndez to second
0-0: Intentional Walk
Batting: RHB John Aston 0-0: Swinging Strike
0-1: Ball
1-1: Ball
2-1: Foul Ball, location: 2F
2-2: Ball
3-2: Grounds into double play, 5-4-3 (Groundball, 5)
Top of the 10th over - 0 run(s), 0 hit(s), 1 error(s), 1 left on base; Las Vegas 8 - Hartford 8
BOTTOM OF THE 10TH
Hartford Whalers batting - Pitching for Las Vegas Flamingos : RHP Enrique García
Batting: SHB Al Anderson 0-0: Swinging Strike
0-1: SINGLE (Line Drive, 9LS)
Batting: LHB Ray Merrill 0-0: Ball
1-0: Called Strike
1-1: Called Strike
1-2: Strikes out looking
Batting: RHB Harris Harden 0-0: Called Strike
0-1: Ball
1-1: Called Strike
1-2: SINGLE (Flyball, 8RS)
Al Anderson to second
Batting: RHB Tommy Stanley 0-0: Called Strike
0-1: Ball
1-1: Ball
2-1: Called Strike
2-2: Ball
3-2: Foul Ball, location: 2F
3-2: Strikes out swinging
Batting: RHB Juan Tapia 0-0: Called Strike
0-1: Ball
1-1: Ball
2-1: Called Strike
2-2: Strikes out swinging
Bottom of the 10th over - 0 run(s), 2 hit(s), 0 error(s), 2 left on base; Las Vegas 8 - Hartford 8
TOP OF THE 11TH
Las Vegas Flamingos batting - Pitching for Hartford Whalers : RHP Miguel González
Batting: LHB Jake Shelton 0-0: Foul Ball, location: 2F
0-1: Ball
1-1: SINGLE (Groundball, 4MS)
Batting: RHB Jeff Young 0-0: Ball
1-0: Ball
2-0: Foul Ball, location: 2F
2-1: Sac Bunt - play at second, runner OUT! 3-6
Batting: RHB Terry Sylvester 0-0: Called Strike
0-1: Foul Ball, location: 2F
0-2: Ball
1-2: Foul Ball, location: 2F
1-2: Strikes out swinging
Batting: LHB Sinclair van Kooten 0-0: Ball
1-0: Ball
2-0: Ball
3-0: Called Strike
3-1: Called Strike
3-2: Foul Ball, location: 2F
3-2: Base on Balls
Jeff Young to second
Batting: RHB Sake van Arem 0-0: Ball
1-0: Ball
2-0: Called Strike
2-1: Ball
3-1: Base on Balls
Jeff Young to third
Sinclair van Kooten to second
Batting: LHB José Meléndez 0-0: Ball
1-0: Ball
2-0: Ball
3-0: Called Strike
3-1: Foul Ball, location: 2F
3-2: Foul Ball, location: 2F
3-2: Foul Ball, location: 2F
3-2: Foul Ball, location: 2F
3-2: Base on Balls
Jeff Young scores
Sinclair van Kooten to third
Sake van Arem to second
Pitching: RHP Christian Patrick
Batting: SHB Wilbert Carter 0-0: Ball
1-0: Called Strike
1-1: Called Strike
1-2: Strikes out looking
Top of the 11th over - 1 run(s), 1 hit(s), 0 error(s), 3 left on base; Las Vegas 9 - Hartford 8
BOTTOM OF THE 11TH
Hartford Whalers batting - Pitching for Las Vegas Flamingos : RHP Enrique García
Pitching: RHP Culley Sandoval
Batting: RHB Jorge Rivera 0-0: Foul Ball, location: 2F
0-1: Ground out 1-3 (Groundball, 13)
Batting: RHB Henry Jones 0-0: Ball
1-0: Ball
2-0: Ball
3-0: Called Strike
3-1: Base on Balls
Batting: SHB Virgil Eberle 0-0: Grounds into double play, 6-4-3 (Groundball, 6M)
Bottom of the 11th over - 0 run(s), 0 hit(s), 0 error(s), 0 left on base; Las Vegas 9 - Hartford 8
This league is powered by Out of the Park Baseball, the baseball management simulation game for PC, Mac and Linux
Monday, October 3rd, 2016 - OOTP Baseball 16.9 Build 39